| TOP OF THE 1ST |
|
Grand Junction Rockies batting - Pitching for San Diego (APP) Padres : RHP Eric Busby
|
|
Pitching: RHP Eric Busby
|
|
|
Batting: LHB Georges Lambert
|
0-0: Foul Ball, location: 2F 0-1: Ball 1-1: Ball 2-1: Ground out 6-3 (Groundball, 6, EV 86.9 MPH)
|
|
Batting: SHB Justin Jackson
|
0-0: Ball 1-0: Ball 2-0: Ball 3-0: Called Strike 3-1: Ground out 4-3 (Groundball, 34, EV 102.5 MPH)
|
|
Batting: RHB Ryan Ward
|
0-0: Called Strike 0-1: Ball 1-1: Ball 2-1: Foul Ball, location: 2F 2-2: Strikes out swinging
|
| Top of the 1st over - 0 runs, 0 hits, 0 errors, 0 left on base; Grand Junction 0 - San Diego (APP) 0 |
| BOTTOM OF THE 1ST |
|
San Diego (APP) Padres batting - Pitching for Grand Junction Rockies : LHP Juan Rivera
|
|
Pitching: LHP Juan Rivera
|
|
|
Batting: RHB Alex Collazo
|
0-0: Ball 1-0: Ball 2-0: Called Strike 2-1: Ball 3-1: Base on Balls
|
|
Batting: RHB Norinaga Yamakawakamatsu
|
0-0: Ball 1-0: Ball 2-0: Ball 3-0: Called Strike 3-1: Foul Ball, location: 2F 3-2: Foul Ball, location: 2F 3-2: Strikes out swinging
|
|
Batting: LHB Justin Daley
|
0-0: Called Strike 0-1: Ball 1-1: Foul Ball, location: 2F 1-2: Ball 2-2: Fly out, F8 (Flyball, 8RXD, EV 98.1 MPH)
|
|
Batting: RHB Brian Klinkner
|
0-0: Ball 1-0: Foul Ball, location: 2F 1-1: Foul Ball, location: 2F 1-2: Ball 2-2: Foul Ball, location: 2F 2-2: Ball 3-2: Ground out 5-3 (Groundball, 56S, EV 73.1 MPH)
|
| Bottom of the 1st over - 0 runs, 0 hits, 0 errors, 1 left on base; Grand Junction 0 - San Diego (APP) 0 |
| TOP OF THE 2ND |
|
Grand Junction Rockies batting - Pitching for San Diego (APP) Padres : RHP Eric Busby
|
|
Batting: LHB Tom Bemis
|
0-0: Called Strike 0-1: Called Strike 0-2: Strikes out swinging passed ball, reaches first!
|
|
Batting: RHB Edwin Bejarano
|
0-0: Called Strike 0-1: Ball 1-1: Foul Ball, location: 2F 1-2: Strikes out swinging
|
|
Batting: SHB Oscar Barahona
|
0-0: Ball 1-0: Ball 2-0: Called Strike 2-1: Fly out, F8 (Line Drive, 8RD, EV 88.1 MPH)
|
|
Batting: SHB J.D. Newman
|
0-0: Swinging Strike 0-1: Ball Wild Pitch! Tom Bemis to second 1-1: Foul Ball, location: 2F 1-2: Ball 2-2: Ball 3-2: Strikes out swinging, 2-3 out at first.
|
| Top of the 2nd over - 0 runs, 0 hits, 0 errors, 1 left on base; Grand Junction 0 - San Diego (APP) 0 |
| BOTTOM OF THE 2ND |
|
San Diego (APP) Padres batting - Pitching for Grand Junction Rockies : LHP Juan Rivera
|
|
Batting: RHB Eric McMillian
|
0-0: Ball 1-0: Ball 2-0: Fly out, F7 (Flyball, 7D, EV 102.5 MPH)
|
|
Batting: RHB Ed Oake
|
0-0: Ground out 6-3 (Groundball, 6, EV 108.1 MPH)
|
|
Batting: RHB Kevin Davis
|
0-0: Ball 1-0: Ball 2-0: Foul Ball, location: 2F 2-1: Ball 3-1: Base on Balls
|
|
Batting: RHB Brian DeVoe
|
0-0: Ball 1-0: Ground out 6-3 (Groundball, 56D, EV 103.1 MPH)
|
| Bottom of the 2nd over - 0 runs, 0 hits, 0 errors, 1 left on base; Grand Junction 0 - San Diego (APP) 0 |
| TOP OF THE 3RD |
|
Grand Junction Rockies batting - Pitching for San Diego (APP) Padres : RHP Eric Busby
|
|
Batting: RHB Xavier Williams
|
0-0: Ball 1-0: Foul Ball, location: 2F 1-1: Ball 2-1: Foul Ball, location: 2F 2-2: Ball 3-2: Strikes out swinging
|
|
Batting: SHB Joan Coucieiro
|
0-0: Foul Ball, location: 2F 0-1: Swinging Strike 0-2: Foul Ball, location: 2F 0-2: Strikes out looking
|
|
Batting: LHB Georges Lambert
|
0-0: Ball 1-0: Ball 2-0: Ball 3-0: Called Strike 3-1: Base on Balls
|
|
Batting: SHB Justin Jackson
|
0-0: Called Strike 0-1: Ball 1-1: Fly out, F7 (Line Drive, 78M, EV 94.4 MPH)
|
| Top of the 3rd over - 0 runs, 0 hits, 0 errors, 1 left on base; Grand Junction 0 - San Diego (APP) 0 |
| BOTTOM OF THE 3RD |
|
San Diego (APP) Padres batting - Pitching for Grand Junction Rockies : LHP Juan Rivera
|
|
Batting: LHB Gary Corrales
|
0-0: Called Strike 0-1: Swinging Strike 0-2: Ball 1-2: Strikes out swinging
|
|
Batting: RHB Alex Collazo
|
0-0: Called Strike 0-1: Ground out 4-3 (Groundball, 4S, EV 72.5 MPH)
|
|
Batting: RHB Norinaga Yamakawakamatsu
|
0-0: Ball 1-0: Fly out, F4 (Popup, 34, EV 72.5 MPH)
|
| Bottom of the 3rd over - 0 runs, 0 hits, 0 errors, 0 left on base; Grand Junction 0 - San Diego (APP) 0 |
| TOP OF THE 4TH |
|
Grand Junction Rockies batting - Pitching for San Diego (APP) Padres : RHP Eric Busby
|
|
Batting: RHB Ryan Ward
|
0-0: Ball 1-0: Foul Ball, location: 2F 1-1: Foul Ball, location: 2F 1-2: Strikes out swinging
|
|
Batting: LHB Tom Bemis
|
0-0: Ball 1-0: Ball 2-0: Ball 3-0: Base on Balls
|
|
Batting: RHB Edwin Bejarano
|
0-0: Foul Ball, location: 2F 0-1: Ball 1-1: Foul Ball, location: 2F 1-2: Foul Ball, location: 2F 1-2: Grounds into double play, 1-4-3 (Groundball, 15S, EV 58.8 MPH)
|
| Top of the 4th over - 0 runs, 0 hits, 0 errors, 0 left on base; Grand Junction 0 - San Diego (APP) 0 |
| BOTTOM OF THE 4TH |
|
San Diego (APP) Padres batting - Pitching for Grand Junction Rockies : LHP Juan Rivera
|
|
Batting: LHB Justin Daley
|
0-0: Called Strike 0-1: Ball 1-1: Ball 2-1: SOLO HOME RUN (Flyball, 89XD, EV 98.8 MPH), Distance : 421 ft
|
|
Batting: RHB Brian Klinkner
|
0-0: Called Strike 0-1: Swinging Strike 0-2: Foul Ball, location: 2F 0-2: Ball 1-2: Ball 2-2: Strikes out swinging
|
|
Batting: RHB Eric McMillian
|
0-0: Ball 1-0: SINGLE (Line Drive, 56, EV 100.6 MPH)
|
|
Batting: RHB Ed Oake
|
0-0: Called Strike 0-1: Ball 1-1: Ball 2-1: Ball 3-1: Fly out, F9 (Line Drive, 9, EV 101.2 MPH)
|
|
Batting: RHB Kevin Davis
|
0-0: Ground out 5-3 (Groundball, 5S, EV 70.6 MPH)
|
| Bottom of the 4th over - 1 run, 2 hits, 0 errors, 1 left on base; Grand Junction 0 - San Diego (APP) 1 |
| TOP OF THE 5TH |
|
Grand Junction Rockies batting - Pitching for San Diego (APP) Padres : RHP Eric Busby
|
|
Batting: SHB Oscar Barahona
|
0-0: Called Strike 0-1: Foul Ball, location: 2F 0-2: Ground out 4-3 (Groundball, 4, EV 88.8 MPH)
|
|
Batting: SHB J.D. Newman
|
0-0: SINGLE (Line Drive, 4M, EV 97.5 MPH)
|
|
Batting: RHB Xavier Williams
|
0-0: Ball 1-0: Called Strike J.D. Newman steals 2nd base 1-1: Foul Ball, location: 2F 1-2: Fly out, F9 (Flyball, 9D, EV 80.6 MPH) Runner from 2nd tags up, SAFE at 3rd, no throw by RF
|
|
Batting: SHB Joan Coucieiro
|
0-0: Ball 1-0: Foul Ball, location: 2F 1-1: Ball 2-1: Called Strike 2-2: Strikes out swinging
|
| Top of the 5th over - 0 runs, 1 hit, 0 errors, 1 left on base; Grand Junction 0 - San Diego (APP) 1 |
| BOTTOM OF THE 5TH |
|
San Diego (APP) Padres batting - Pitching for Grand Junction Rockies : LHP Juan Rivera
|
|
Batting: RHB Brian DeVoe
|
0-0: Ball 1-0: Foul Ball, location: 2F 1-1: SOLO HOME RUN (Flyball, 78XD, EV 103.1 MPH), Distance : 412 ft
|
|
Batting: LHB Gary Corrales
|
0-0: Ball 1-0: Swinging Strike 1-1: Ball 2-1: Fly out, F8 (Flyball, 8RD, EV 106.2 MPH)
|
|
Batting: RHB Alex Collazo
|
0-0: Ball 1-0: Ball 2-0: Foul Ball, location: 2F 2-1: Called Strike 2-2: Strikes out swinging
|
|
Batting: RHB Norinaga Yamakawakamatsu
|
0-0: Ball 1-0: Fly out, F9 (Flyball, 89M, EV 71.2 MPH)
|
| Bottom of the 5th over - 1 run, 1 hit, 0 errors, 0 left on base; Grand Junction 0 - San Diego (APP) 2 |
| TOP OF THE 6TH |
|
Grand Junction Rockies batting - Pitching for San Diego (APP) Padres : RHP Eric Busby
|
|
Batting: LHB Georges Lambert
|
0-0: Ball 1-0: Ball 2-0: Foul Ball, location: 2F 2-1: Foul Ball, location: 2F 2-2: Strikes out swinging
|
|
Batting: SHB Justin Jackson
|
0-0: Called Strike 0-1: Ball 1-1: Ball 2-1: Ball 3-1: Foul Ball, location: 2F 3-2: Ground out U3 (Groundball, 3, EV 90.6 MPH)
|
|
Batting: RHB Ryan Ward
|
0-0: Ball 1-0: Called Strike 1-1: Ball 2-1: Ball 3-1: Swinging Strike 3-2: Strikes out swinging
|
| Top of the 6th over - 0 runs, 0 hits, 0 errors, 0 left on base; Grand Junction 0 - San Diego (APP) 2 |
| BOTTOM OF THE 6TH |
|
San Diego (APP) Padres batting - Pitching for Grand Junction Rockies : LHP Juan Rivera
|
|
Batting: LHB Justin Daley
|
0-0: Ball 1-0: Ball 2-0: Foul Ball, location: 2F 2-1: Fly out, F9 (Flyball, 89S, EV 85.6 MPH)
|
|
Batting: RHB Brian Klinkner
|
0-0: Swinging Strike 0-1: Ground out 6-3 (Groundball, 56, EV 90.0 MPH)
|
|
Batting: RHB Eric McMillian
|
0-0: Fly out, F8 (Flyball, 8LXD, EV 100.0 MPH)
|
| Bottom of the 6th over - 0 runs, 0 hits, 0 errors, 0 left on base; Grand Junction 0 - San Diego (APP) 2 |
| TOP OF THE 7TH |
|
Grand Junction Rockies batting - Pitching for San Diego (APP) Padres : RHP Eric Busby
|
|
Batting: LHB Tom Bemis
|
0-0: Swinging Strike 0-1: Swinging Strike 0-2: Strikes out swinging
|
|
Batting: RHB Edwin Bejarano
|
0-0: Ball 1-0: Called Strike 1-1: Foul Ball, location: 2F 1-2: Foul Ball, location: 2F 1-2: Foul Ball, location: 2F 1-2: Ground out 6-3 (Groundball, 6, EV 82.5 MPH)
|
|
Batting: SHB Oscar Barahona
|
0-0: Called Strike 0-1: Ball 1-1: Foul Ball, location: 2F 1-2: Fly out, F8 (Flyball, 8LM, EV 91.2 MPH)
|
| Top of the 7th over - 0 runs, 0 hits, 0 errors, 0 left on base; Grand Junction 0 - San Diego (APP) 2 |
| BOTTOM OF THE 7TH |
|
San Diego (APP) Padres batting - Pitching for Grand Junction Rockies : LHP Juan Rivera
|
|
Batting: RHB Ed Oake
|
0-0: Foul Ball, location: 2F 0-1: Swinging Strike 0-2: Strikes out swinging
|
|
Batting: RHB Kevin Davis
|
0-0: Ball 1-0: Ball 2-0: Ball 3-0: Called Strike 3-1: Base on Balls
|
|
Batting: RHB Brian DeVoe
|
0-0: Ball 1-0: Ball Wild Pitch! Kevin Davis to second 2-0: Ball 3-0: Called Strike 3-1: Foul Ball, location: 2F 3-2: Strikes out looking
|
|
Batting: LHB Gary Corrales
|
0-0: Foul Ball, location: 2F 0-1: Ball 1-1: Ball 2-1: Foul Ball, location: 2F 2-2: Strikes out swinging
|
| Bottom of the 7th over - 0 runs, 0 hits, 0 errors, 1 left on base; Grand Junction 0 - San Diego (APP) 2 |
| TOP OF THE 8TH |
|
Grand Junction Rockies batting - Pitching for San Diego (APP) Padres : RHP Eric Busby
|
|
Pitching: RHP Dave Waterman
|
|
|
Batting: SHB J.D. Newman
|
0-0: Called Strike 0-1: Ball 1-1: Ball 2-1: Called Strike 2-2: Ball 3-2: Strikes out looking
|
|
Pinch Hitting: RHB Dan Hoffman
|
0-0: Ball 1-0: Ground out 5-3 (Groundball, 56, EV 101.2 MPH)
|
|
Batting: SHB Joan Coucieiro
|
0-0: Ball 1-0: Foul Ball, location: 2F 1-1: Called Strike 1-2: Strikes out swinging
|
| Top of the 8th over - 0 runs, 0 hits, 0 errors, 0 left on base; Grand Junction 0 - San Diego (APP) 2 |
| BOTTOM OF THE 8TH |
|
San Diego (APP) Padres batting - Pitching for Grand Junction Rockies : LHP Juan Rivera
|
|
Pitching: RHP Alex Covarrubias
|
|
|
Now at 1B: Dan Hoffman
|
|
|
Batting: RHB Alex Collazo
|
0-0: Called Strike 0-1: Foul Ball, location: 2F 0-2: Ball 1-2: SOLO HOME RUN (Line Drive, 7D, EV 100.0 MPH), Distance : 387 ft
|
|
Batting: RHB Norinaga Yamakawakamatsu
|
0-0: Ball 1-0: Swinging Strike 1-1: Ball 2-1: Foul Ball, location: 2F 2-2: Ball 3-2: Base on Balls
|
|
Batting: LHB Justin Daley
|
0-0: Called Strike 0-1: Swinging Strike Passed Ball! Norinaga Yamakawakamatsu to second 0-2: Ball 1-2: Ground out 1-3 (Groundball, 13S, EV 66.2 MPH) Norinaga Yamakawakamatsu to third
|
|
Batting: RHB Brian Klinkner
|
0-0: Called Strike 0-1: Ball 1-1: Foul Ball, location: 2F 1-2: Ball 2-2: Ball 3-2: Base on Balls
|
|
Batting: RHB Eric McMillian
|
0-0: Called Strike 0-1: Ball 1-1: Foul Ball, location: 2F 1-2: Foul Ball, location: 2F 1-2: Ball 2-2: Ball 3-2: Foul Ball, location: 2F 3-2: Fly out, F9 (Line Drive, 9S, EV 91.9 MPH)
|
|
Batting: RHB Ed Oake
|
0-0: Called Strike 0-1: Ball 1-1: Ball 2-1: Ball 3-1: 3-RUN HOME RUN (Flyball, 78XD, EV 91.9 MPH) (Inside the Park)
|
|
Batting: RHB Kevin Davis
|
0-0: Ball 1-0: Ball 2-0: Swinging Strike 2-1: Called Strike 2-2: Foul Ball, location: 2F 2-2: Ball 3-2: Foul Ball, location: 2F 3-2: Foul Ball, location: 2F 3-2: Base on Balls
|
|
Pitching: RHP Ricardo Roman
|
|
|
Batting: RHB Brian DeVoe
|
0-0: Ball 1-0: DOUBLE (Line Drive, 7LM, EV 105.0 MPH) Kevin Davis to third
|
|
Batting: LHB Gary Corrales
|
0-0: Ball 1-0: Ball 2-0: Ball 3-0: Called Strike 3-1: Base on Balls
|
|
Batting: RHB Alex Collazo
|
0-0: Called Strike 0-1: Fly out, F8 (Flyball, 8RD, EV 88.1 MPH)
|
| Bottom of the 8th over - 4 runs, 3 hits, 0 errors, 3 left on base; Grand Junction 0 - San Diego (APP) 6 |
| TOP OF THE 9TH |
|
Grand Junction Rockies batting - Pitching for San Diego (APP) Padres : RHP Dave Waterman
|
|
Batting: LHB Georges Lambert
|
0-0: Called Strike 0-1: Called Strike 0-2: Strikes out looking
|
|
Batting: SHB Justin Jackson
|
0-0: Ball 1-0: Called Strike 1-1: Swinging Strike 1-2: Foul Ball, location: 2F 1-2: Foul Ball, location: 2F 1-2: Ball 2-2: Ground out 4-3 (Groundball, 4D, EV 103.1 MPH)
|
|
Batting: RHB Ryan Ward
|
0-0: Ball 1-0: Called Strike 1-1: Foul Ball, location: 2F 1-2: Ball 2-2: SINGLE (Groundball, 6MD, EV 95.6 MPH)
|
|
Batting: LHB Tom Bemis
|
0-0: Ball 1-0: Ball 2-0: Called Strike 2-1: Called Strike 2-2: Ball 3-2: Strikes out looking
|
| Top of the 9th over - 0 runs, 1 hit, 0 errors, 1 left on base; Grand Junction 0 - San Diego (APP) 6 |
|